 Dungeon Sprint DCSS version 0.17-a0-1691-g18a3847 (webtiles) character file.

7081 Kidiri the Unseen (level 10, -1/44 HPs)
             Began as a Spriggan Enchanter on Aug 20, 2015.
             Was a High Priest of Dithmenos.
             Shot themself with a spray of energy (11 damage)
             ... in the Dungeon (Sprint I: "Red Sonja").
             The game lasted 00:09:50 (1814 turns).

Kidiri the Unseen (Spriggan Enchanter)              Turns: 1814, Time: 00:09:51

Health: -1/44      AC:  5    Str:  4    XL:     10   Next: 84%
Magic:  1/37       EV: 32    Int: 24    God:    Dithmenos [*****.]
Gold:   306        SH:  0    Dex: 18    Spells: 9 memorised, 5 levels left

rFire  x . .     SeeInvis +     l - +0 dagger (venom)
rCold  . . .     Clarity  .     b - +1 robe
rNeg   . . .     SustAt   .     (shield restricted)
rPois  .         Gourm    .     (helmet restricted)
rElec  +         Spirit   .     t - +1 cloak of Mumblety Peg {rCorr}
rCorr  +         Warding  .     (gloves unavailable)
rMut   .         NoTele   +     (boots unavailable)
MR     +....                    (no amulet)
Stlth  ++++++++++               r - ring "Weodaw" {rElec rF- Int+5 Slay+2 SInv}
                                s - ring "Ydalemae" {+Fly MP+9 Slay+2 Stlth+}

@: wreathed by umbra, very quick, somewhat resistant to hostile enchantments,
uncannily stealthy
A: unfitting armour, see invisible, herbivore 3, speed 3, slow metabolism 2
a: Shadow Step, Shadow Form, Renounce Religion, Evoke Flight


You were in the Dungeon.
You worshipped Dithmenos.
Dithmenos was extremely pleased with you.
You were not hungry.

You visited 1 branch You collected 1067 gold pieces.
You spent 761 gold pieces at shops.

Inventory:

Hand weapons
 l - a +0 dagger of venom (weapon)
Armour
 b - a +1 robe (worn)
 t - the +1 cloak of Mumblety Peg (worn) {rCorr}
   (You bought it in a shop in the Dungeon)

   It protects you from acid and corrosion.
Jewellery
 r - the ring "Weodaw" (right hand) {rElec rF- Int+5 Slay+2 SInv}
   (You bought it in a shop in the Dungeon)

   [ring of intelligence]

   It affects your intelligence (+5).
   It affects your accuracy and damage with ranged weapons and melee attacks
   (+2).
   It makes you vulnerable to fire.
   It insulates you from electricity.
   It lets you see invisible.
 s - the ring "Ydalemae" (left hand) {+Fly MP+9 Slay+2 Stlth+}
   (You bought it in a shop in the Dungeon)

   [ring of stealth]

   It affects your accuracy and damage with ranged weapons and melee attacks
   (+2).
   It affects your magic capacity (+9).
   It lets you fly.
   It makes you more stealthy.
Magical devices
 k - a wand of polymorph (7)
Scrolls
 j - a scroll of blinking
 m - a scroll of identify {unknown}
 n - a scroll of immolation {unknown}
 q - a scroll of enchant weapon {unknown}
Potions
 c - a potion of lignification {unknown}
 e - 3 potions of curing
 g - a potion of haste
 h - 2 potions of magic
 i - a potion of berserk rage
 p - a potion of cancellation {unknown}
Comestibles
 a - a slice of pizza
 d - 2 bread rations


   Skills:
 + Level 9.5 Short Blades
 * Level 16.2 Dodging
 * Level 17.5 Stealth
 * Level 13.9 Spellcasting
 + Level 5.8 Conjurations
 + Level 10.6 Hexes
 + Level 1.2 Summonings
 + Level 6.8 Ice Magic
 + Level 1.4 Air Magic
 - Level 2.1 Invocations


You had 5 spell levels left.
You knew the following spells:

 Your Spells              Type           Power        Failure   Level  Hunger
a - Corona                Hex            ######.      1%          1    None
b - Ensorcelled Hibernat  Hex/Ice        ######       1%          2    None
c - Confuse               Hex            ######..     1%          3    None
d - Tukima's Dance        Hex            ######..     1%          3    None
e - Dazzling Spray        Conj/Hex       ######..     1%          3    None
f - Silence               Hex/Air        #####.....   10%         5    ###....
g - Airstrike             Air            ###.......   24%         4    None
h - Summon Lightning Spi  Summ/Air       ###.....     24%         4    None
i - Conjure Ball Lightni  Conj/Air       ####......   95%         6    #####..


Dungeon Overview and Level Annotations

Branches:
Dungeon (1/1)

Altars:
Cheibriados
Dithmenos
Elyvilon
Fedhas
Gozag
Kikubaaqudgha
Makhleb
Nemelex Xobeh
Okawaru
Qazlal
Ru
Sif Muna
Trog
Vehumet
Xom
Yredelemnul
Zin
The Shining One
Jiyva

Shops:
D *[(:::=*==**([=[(


Innate Abilities, Weirdness & Mutations

You are tiny and cannot use many weapons and most armour.
You have supernaturally acute eyesight.
You are a herbivore.
You cover ground extremely quickly.
You need consume almost no food.


Message History

Your shadow hits the demonic crawler but does no damage.
The demonic crawler gives a hideous shriek!
You hit the demonic crawler but do no damage.
The demonic crawler is almost dead.
The demonic crawler is no longer blind.
The demonic crawler completely misses you.
The demonic crawler barely misses you.
The demonic crawler completely misses you.
You hit the demonic crawler but do no damage.
The demonic crawler is almost dead.
The demonic crawler hits you.
* * * LOW HITPOINT WARNING * * *
The demonic crawler completely misses you. x2
Unknown command.
Casting: Dazzling Spray
Confirm with . or Enter, or press ? or * to list all spells.
Aiming: Dazzling Spray
Press: ? - help, Shift-Dir - straight line, p - demonic crawler The spray of energy hits you!
You die...

######################***********
..'..#.)'..#__#.@†s.)#,,*,,,,+,,,
%:#..'..#..'..'.s#...##+#,****,,,
####+#####+#__####).†'..#,*,***,,
###..#...#.####§[#####..+,*+*,***
__####..##.#§§§§§#§.#*+##**,,,*,*
_..__##+#..+≈§§§§+§§#,,,,,*,,,***
_.∩...+.(._#§§§§.#§.#,,,,,+,,,,,*
_..._##_(#+##+#####+###,,,*,,,,,*
_____###+#.#)[%.###.+.#,,,***++**


You could see 2 demonic crawlers.

Vanquished Creatures
  2 centaur warriors (D)
  Sonja (D)
  A deep troll (D)
  2 unseen horrors (D)
  An oklob plant (D)
  2 kobold demonologists (D)
  2 demonic crawlers (D)
  A slime creature (D)
  Sigmund (D)
  4 trapdoor spiders (D)
  A yak (D)
  A wasp (D)
  An ogre (D)
  7 necrophages (D)
  8 jellies (D)
  Ijyb (D)
  2 giant eyeballs (D)
  4 ballistomycetes (D)
  A giant spore (D)
43 creatures vanquished.

Vanquished Creatures (others)
  A gargoyle (D)
  A giant spore (D)
2 creatures vanquished.

Grand Total: 45 creatures vanquished

Notes
Turn   | Place    | Note
--------------------------------------------------------------
     0 | D        | Kidiri the Spriggan Enchanter began the quest for the Orb.
     0 | D        | Reached XP level 1. HP: 9/9 MP: 5/5
     2 | D        | Noticed Ijyb
    10 | D        | Killed Ijyb
    10 | D        | Reached skill level 5 in Dodging
    10 | D        | Reached skill level 6 in Stealth
    10 | D        | Reached XP level 2. HP: 13/13 MP: 5/8
    33 | D        | Learned a level 2 spell: Ensorcelled Hibernation
   135 | D        | Noticed an ogre
   150 | D        | Killed an ogre
   150 | D        | Reached skill level 7 in Dodging
   150 | D        | Reached skill level 8 in Stealth
   150 | D        | Reached skill level 5 in Hexes
   150 | D        | Reached skill level 1 in Ice Magic
   150 | D        | Reached XP level 3. HP: 16/16 MP: 1/11
   150 | D        | Reached XP level 4. HP: 21/21 MP: 1/13
   157 | D        | Learned a level 3 spell: Confuse
   161 | D        | Learned a level 3 spell: Tukima's Dance
   165 | D        | Learned a level 3 spell: Dazzling Spray
   257 | D        | Noticed Sigmund
   260 | D        | Killed Sigmund
   260 | D        | Reached skill level 10 in Stealth
   260 | D        | Reached skill level 1 in Conjurations
   260 | D        | Reached XP level 5. HP: 24/24 MP: 14/16
   260 | D        | Reached XP level 6. HP: 28/28 MP: 14/17
   284 | D        | Found a snail-covered altar of Cheibriados.
   284 | D        | Found a viscous altar of Jiyva.
   284 | D        | Found a shadowy altar of Dithmenos.
   284 | D        | Found a blossoming altar of Fedhas.
   284 | D        | Noticed a slime creature
   288 | D        | Became a worshipper of Dithmenos the Shadowed
   298 | D        | Killed a slime creature
   298 | D        | Reached skill level 5 in Short Blades
   298 | D        | Reached skill level 11 in Stealth
   509 | D        | Killed a gargoyle
   539 | D        | Found a deep blue altar of Sif Muna.
   540 | D        | Noticed a jelly
   541 | D        | Found a radiant altar of Vehumet.
   546 | D        | Killed a jelly
   546 | D        | Reached skill level 10 in Dodging
   584 | D        | Found Feugow's Antique Armour Emporium.
   584 | D        | Found a white marble altar of Elyvilon.
   584 | D        | Found a stormy altar of Qazlal.
   584 | D        | Found a burning altar of Makhleb.
   584 | D        | Found a sacrificial altar of Ru.
   584 | D        | Found a basalt altar of Yredelemnul.
   584 | D        | Found a glowing golden altar of the Shining One.
   584 | D        | Found a sparkling altar of Nemelex Xobeh.
   584 | D        | Found a shimmering altar of Xom.
   584 | D        | Found an opulent altar of Gozag.
   584 | D        | Found an ancient bone altar of Kikubaaqudgha.
   584 | D        | Found a glowing silver altar of Zin.
   584 | D        | Noticed a yak
   585 | D        | Found an iron altar of Okawaru.
   586 | D        | Killed a yak
   586 | D        | Reached XP level 7. HP: 32/32 MP: 18/20
   587 | D        | Found a bloodstained altar of Trog.
   599 | D        | Noticed Sonja
   604 | D        | Killed Sonja
   604 | D        | Reached skill level 13 in Stealth
   604 | D        | Reached skill level 10 in Spellcasting
   604 | D        | Reached XP level 8. HP: 29/36 MP: 19/23
   765 | D        | Found Kaus's Assorted Antiques.
   786 | D        | Noticed a deep troll
   795 | D        | Killed a deep troll
   805 | D        | Found Nerebog's Armour Emporium.
  1037 | D        | Noticed a centaur warrior
  1037 | D        | Noticed a centaur warrior
  1039 | D        | Killed a centaur warrior
  1039 | D        | Acquired Dithmenos's first power
  1039 | D        | Reached skill level 14 in Stealth
  1039 | D        | Reached skill level 5 in Ice Magic
  1039 | D        | Reached XP level 9. HP: 39/39 MP: 25/25
  1041 | D        | Killed a centaur warrior
  1041 | D        | Reached skill level 15 in Stealth
  1151 | D        | Noticed a wasp
  1154 | D        | Killed a wasp
  1166 | D        | Noticed an oklob plant
  1168 | D        | Killed an oklob plant
  1175 | D        | Noticed a trapdoor spider
  1176 | D        | Killed a trapdoor spider
  1182 | D        | Noticed a trapdoor spider
  1183 | D        | Killed a trapdoor spider
  1183 | D        | Reached skill level 5 in Conjurations
  1189 | D        | Noticed a trapdoor spider
  1196 | D        | Killed a trapdoor spider
  1196 | D        | Acquired Dithmenos's second power
  1196 | D        | Reached skill level 16 in Stealth
  1196 | D        | Reached XP level 10. HP: 44/44 MP: 20/27
  1203 | D        | Noticed a trapdoor spider
  1205 | D        | Killed a trapdoor spider
  1259 | D        | Noticed a jelly
  1259 | D        | Noticed a jelly
  1260 | D        | Noticed a jelly
  1270 | D        | Noticed an unseen horror
  1270 | D        | Noticed an unseen horror
  1276 | D        | Killed an unseen horror
  1276 | D        | Reached skill level 15 in Dodging
  1276 | D        | Reached skill level 10 in Hexes
  1278 | D        | Killed an unseen horror
  1278 | D        | Acquired Dithmenos's third power
  1280 | D        | Noticed a jelly
  1280 | D        | Noticed a jelly
  1280 | D        | Noticed a jelly
  1280 | D        | Noticed a jelly
  1282 | D        | Killed a jelly
  1283 | D        | Killed a jelly
  1285 | D        | Killed a jelly
  1286 | D        | Killed a jelly
  1288 | D        | Noticed a necrophage
  1288 | D        | Noticed a necrophage
  1288 | D        | Noticed a necrophage
  1288 | D        | Noticed a necrophage
  1288 | D        | Noticed a necrophage
  1299 | D        | Killed a jelly
  1301 | D        | Killed a jelly
  1319 | D        | Killed a jelly
  1319 | D        | Acquired Dithmenos's fourth power
  1380 | D        | Noticed a necrophage
  1380 | D        | Noticed a necrophage
  1382 | D        | Killed a necrophage
  1383 | D        | Killed a necrophage
  1384 | D        | Killed a necrophage
  1384 | D        | Reached skill level 17 in Stealth
  1388 | D        | Killed a necrophage
  1391 | D        | Killed a necrophage
  1391 | D        | Killed a necrophage
  1398 | D        | Killed a necrophage
  1436 | D        | Learned a level 5 spell: Silence
  1441 | D        | Learned a level 4 spell: Airstrike
  1446 | D        | Learned a level 4 spell: Summon Lightning Spire
  1453 | D        | Learned a level 6 spell: Conjure Ball Lightning
  1537 | D        | Found Doygup's Book Shoppe.
  1537 | D        | Found Emusimai's Antique Weapon Shop.
  1537 | D        | Found Oseqo's Book Boutique.
  1539 | D        | Found Huavinie's Book Emporium.
  1539 | D        | Found Beulahiu's Jewellery Shop.
  1539 | D        | Found Wupnoxel's Assorted Antiques.
  1539 | D        | Found Pitinn's Jewellery Boutique.
  1539 | D        | Found Wuvvie's Jewellery Emporium.
  1539 | D        | Found Ziqug's General Store.
  1539 | D        | Found Qautesm's General Store.
  1543 | D        | Found Kuzxeddu's Antique Weapon Boutique.
  1544 | D        | Found Bonlug's Jewellery Emporium.
  1544 | D        | Found Lohomoyt's Armour Boutique.
  1545 | D        | Found Ikuoschie's Antique Weapon Emporium.
  1546 | D        | Bought a faintly glowing ivory ring for 85 gold pieces
  1546 | D        | Identified the ring "Weodaw" {rElec rF- Int+5 Slay+2 SInv} (You bought it in a shop in the Dungeon)
  1549 | D        | Bought the ring "Ydalemae" {+Fly MP+9 Slay+2 Stlth+} for 420 gold pieces
  1553 | D        | Bought a scroll of magic mapping for 35 gold pieces
  1557 | D        | Bought the +1 cloak of Mumblety Peg {rCorr} for 221 gold pieces
  1762 | D        | Noticed a kobold demonologist
  1763 | D        | Noticed a kobold demonologist
  1767 | D        | Killed a kobold demonologist
  1769 | D        | Killed a kobold demonologist
  1769 | D        | Reached skill level 1 in Air Magic
  1780 | D        | Noticed a demonic crawler
  1780 | D        | Noticed a demonic crawler
  1780 | D        | Noticed a demonic crawler
  1780 | D        | Noticed a demonic crawler
  1796 | D        | Killed a demonic crawler
  1796 | D        | Reached skill level 1 in Summonings
  1805 | D        | Killed a demonic crawler
  1814 | D        | Shot themself with a spray of energy

Vault maps used:
D:        dungeon_sprint_1

Action                   |  1- 3 |  4- 6 |  7- 9 | 10-12 || total
-------------------------+-------+-------+-------+-------++-------
Melee: Unarmed           |     4 |       |       |       ||     4
       Dagger            |     8 |     8 |    13 |    58 ||    87
 Fire: Shortbow          |       |       |       |     1 ||     1
 Cast: Corona            |     2 |       |       |       ||     2
       Ensorcelled Hiber |     1 |     1 |     6 |     9 ||    17
       Dazzling Spray    |       |     1 |     1 |    18 ||    20
Invok: Shadow Step       |       |       |       |     2 ||     2
  Use: Potion            |       |       |     1 |     1 ||     2
       Scroll            |       |       |       |     1 ||     1
 Stab: Sleeping          |     1 |     4 |     8 |    17 ||    30
       Invisible         |       |       |     1 |     2 ||     3
